 Dungeon Crawl Stone Soup version 0.29-a0-923-g6e406bff71 (webtiles) character file.

Game seed: 3425730502264029020

25 Locuples the Sneak (level 2, -4/22 HPs)
             Began as a Demonspawn Brigand on July 28, 2022.
             Slain by a worm (8 damage)
             ... on level 2 of the Dungeon.
             The game lasted 00:01:06 (765 turns).

Locuples the Sneak (Demonspawn Brigand)              Turns: 765, Time: 00:01:07

Health: -4/22      AC:  3    Str: 11    XL:     2   Next: 86%
Magic:  2/2        EV: 11    Int: 12    God:
Gold:   6          SH:  0    Dex: 14    Spells: 1/1 levels left

rFire   . . .      SeeInvis .   a - +2 dagger
rCold   . . .      Faith    .   (no shield)
rNeg    . . .      Spirit   .   b - +0 robe
rPois   .          Reflect  .   (no helmet)
rElec   .          Harm     .   c - +0 cloak
rCorr   .          Rampage  .   (no gloves)
Will    .....                   (no boots)
Stlth   +++.......              (no amulet)
HPRegen 0.07/turn               (no ring)
MPRegen 0.08/turn               (no ring)

@: no status effects
A: spiny 1
a: no special abilities


You were on level 2 of the Dungeon.
You visited 1 branch of the dungeon, and saw 2 of its levels.

You collected 6 gold pieces.

Inventory:

Hand Weapons
 a - a +2 dagger (weapon)
Missiles
 d - 9 poisoned darts (quivered)
 e - 3 curare-tipped darts
Armour
 b - a +0 robe (worn)
 c - a +0 cloak (worn)
Scrolls
 f - 2 scrolls of vulnerability {unknown}
Potions
 g - a potion of mutation {unknown}


   Skills:
 - Level 2.0 Fighting
 + Level 2.0 Short Blades
 - Level 1.7 Throwing
 - Level 0.8 Dodging
 + Level 4.5 Stealth


You had one spell level left.
You didn't know any spells.
Your spell library was empty.

Dungeon Overview and Level Annotations

Branches:
Dungeon (2/15)

Altars:


Innate Abilities, Weirdness & Mutations

You are partially covered in sharp spines.


Message History

Done exploring.
There is a stone staircase leading down here.
You climb downwards.
Found a dagger.
There is a stone staircase leading up here.
There is a stone staircase leading up here.
You see here a +0 dagger.
A kobold comes into view. It is wielding a +0 club.
A kobold is nearby!
A worm comes into view.
The worm barely misses you.
You hit the worm.
The worm is lightly wounded.
The worm bites you!
The kobold shouts!
Found a stone staircase leading up.
The kobold hits you but does no damage.
A bat comes into view.
You hit the worm.
The worm is lightly wounded.
The kobold is struck by your spines.
You kill the kobold!
You hit the worm.
The worm is moderately wounded.
The worm bites you!
* * * LOW HITPOINT WARNING * * *
You hit the worm.
The worm is moderately wounded.
The bat completely misses you. The bat hits you.
* * * LOW HITPOINT WARNING * * *
You hit the worm.
The worm is heavily wounded.
The bat hits you but does no damage. The worm is struck by your spines.
The worm bites you but does no damage.
You barely miss the worm.
The worm is heavily wounded.
The bat is struck by your spines. The bat hits you but does no damage.
You hit the worm.
The worm is severely wounded.
The bat hits you but does no damage. The worm bites you!
You die...

.................
.#######<........
#########
#.########
........## ##.#
.........## ##.)#
..........###..##
..........##..##
..........##.##
.....b)@w.##.#
..........##.#
.............#
........######
###.#.... #.....<
....... ##.......
#...


You could see a worm and a bat.

Vanquished Creatures
  A dart slug (D:1)
  3 endoplasms (D:1)
  2 giant cockroaches (D:1)
  3 hobgoblins (D:1)
  4 jackals (D:1)
  A quokka (D:1)
  A ball python (D:1)
  2 bats (D:1)
  A kobold (D:2)
  3 rats (D:1)
21 creatures vanquished.

Vanquished Creatures (others)
  A plant (D:2)
1 creature vanquished.

Grand Total: 22 creatures vanquished

Notes
Turn   | Place    | Note
-------+----------+-------------------------------------------
     0 | D:1      | Locuples the Demonspawn Brigand began the quest for the
                  | Orb.
     0 | D:1      | Reached XP level 1. HP: 16/16 MP: 1/1
    93 | D:1      | Reached skill level 4 in Stealth
    96 | D:1      | Gained mutation: You are partially covered in sharp spines.
                  | [demonic ancestry]
    96 | D:1      | Reached XP level 2. HP: 18/22 MP: 2/2
   605 | D:1      | Found a faded altar of an unknown god.
   765 | D:2      | Slain by a worm

Illustrated notes

Levels and vault maps discovered:
D:1:      dpeg_arrival_yet_another_circle, layout_basic,
          shapermc_ecumenical_altar_starsandcircs
D:2:      layout_rooms, serial_forest, infiniplex_forest_clump_medium,
          infiniplex_forest_clump_small, infiniplex_forest_lined_2,
          infiniplex_forest_clump_tiny, infiniplex_forest_clump_tiny,
          infiniplex_forest_lined_ring, infiniplex_forest_straight_3

Skill      XL: |  1  2 |
---------------+-------+-----
Stealth        | 4 |  4.5
Short Blades   | 2 |  2.0
Fighting       | |  2.0
Throwing       | |  1.7
Dodging        | |  0.8

Action                   || total
-------------------------++-------
Melee: Dagger            ||    44
 Stab: Sleeping          ||     6
Armor: Robe              ||    14
Dodge: Dodged            ||    21

Table legend: (Time is in decaauts)
 A = Elapsed time spent in this place.
 B = Non-inter-level travel time spent in this place.
 C = Inter-level travel time spent in this place.
 D = Time resting spent in this place.
 E = Time spent auto-exploring this place.
 F = Levels seen in this place.
 G = Mean time per level.
                   A        B        C        D        E       F      G
               +--------+--------+--------+--------+--------+-----+--------+
         Total |    765 |    765 |      0 |      0 |    595 |   2 |  382.5 |
       Dungeon |    765 |    765 |      0 |      0 |    595 |   2 |  382.5 |
               +--------+--------+--------+--------+--------+-----+--------+

Top non-repeatable levels by time:
     D:1: 735 daAuts
     D:2: 30 daAuts
